 Dungeon Crawl Stone Soup version 0.17-a0-1910-g4c791fa (webtiles) character file.

9741 Ijustatesigmund the Slinger (level 11, -2/67 HPs)
             Began as a Halfling Enchanter on Sept 25, 2015.
             Was a Priest of Dithmenos.
             Slain by Gastronok (28 damage)
             ... on level 1 of the Orcish Mines.
             The game lasted 01:32:11 (14594 turns).

Ijustatesigmund the Slinger (Halfling Enchanter)   Turns: 14594, Time: 01:32:12

Health: -2/67      AC:  9    Str: 11    XL:     11   Next: 80%
Magic:  2/17       EV: 19    Int: 14    God:    Dithmenos [***...]
Gold:   750        SH:  8    Dex: 19    Spells: 3 memorised, 10 levels left

rFire  . . .     SeeInvis .     a - +1 dagger
rCold  . . .     Clarity  .     b - +2 robe
rNeg   . . .     SustAt   .     r - +1 buckler
rPois  .         Gourm    .     u - +1 helmet
rElec  .         Spirit   .     w - +1 cloak
rCorr  .         Warding  .     (no gloves)
rMut   .         Stasis   .     h - +0 pair of boots
MR     .....                    i - amulet of rage
Stlth  +++++++...               D - +3 ring of strength
                                (no ring)

@: slowed, wreathed by umbra, very slow, not resistant to hostile enchantments,
extremely stealthy
A: mutation resistance 1
a: Shadow Step, Renounce Religion, Evoke Berserk Rage


You were on level 1 of the Orcish Mines.
You worshipped Dithmenos.
Dithmenos was most pleased with you.
You were hungry.

You visited 4 branches of the dungeon, and saw 14 of its levels.
You also visited: Ossuary.

You collected 750 gold pieces.

Inventory:

Hand weapons
 a - a +1 dagger (weapon)
 y - a +1 hunting sling
 G - the +9 flail of Yrur {elec, rPois Str-5 Dex+2}
   (You took it off a centaur on level 8 of the Dungeon)

   Occasionally, upon striking a foe, it will discharge some electrical energy
   and cause terrible harm.
   It affects your strength (-5).
   It affects your dexterity (+2).
   It protects you from poison.
Missiles
 q - 6 tomahawks (quivered)
 v - 25 silver sling bullets
 B - 132 stones
Armour
 b - a +2 robe (worn)
 h - a +0 pair of boots (worn)
 r - a +1 buckler (worn)
 u - a +1 helmet (worn)
 w - a +1 cloak (worn)
Magical staves
 x - an uncursed staff of earth {unknown}
Jewellery
 i - an amulet of rage (around neck)
 k - an uncursed ring of flight
 l - an uncursed amulet of resist corrosion
 D - a +3 ring of strength (right hand)
Magical devices
 n - a wand of lightning (0)
 p - a wand of polymorph (1)
 z - a wand of confusion (22)
Scrolls
 o - a scroll of fear
 t - 2 scrolls of remove curse
Potions
 c - a potion of berserk rage {unknown}
 e - 2 potions of lignification {unknown}
 f - 3 potions of curing
 m - a potion of ambrosia
 C - 3 potions of invisibility {unknown}
 E - 2 potions of poison {unknown}
Comestibles
 d - 3 bread rations
 g - 6 meat rations
 j - 4 chunks of flesh
 I - 6 royal jellies


   Skills:
 - Level 3.3 Fighting
 - Level 6.6 Short Blades
 - Level 8.8(9.1) Slings
 - Level 3.1(6.0) Throwing
 - Level 5.5 Dodging
 - Level 8.4 Stealth
 - Level 5.0 Shields
 - Level 3.3 Spellcasting
 - Level 4.9 Conjurations
 + Level 4.1 Hexes
 + Level 3.8 Ice Magic
 - Level 8.0 Invocations
 + Level 2.2 Evocations


You had 10 spell levels left.
You knew the following spells:

 Your Spells              Type           Power        Failure   Level  Hunger
a - Corona                Hex            ##.....      4%          1    #......
b - Ensorcelled Hibernat  Hex/Ice        ##....       10%         2    ##.....
c - Dazzling Spray        Conj/Hex       ###.....     12%         3    ###....


Dungeon Overview and Level Annotations

Branches:
Dungeon (11/15)            Temple (1/1) D:6            Lair (1/8) D:10
    Orc (1/4) D:10

Altars:
Ashenzari
Cheibriados
Dithmenos
Elyvilon
Fedhas
Gozag
Kikubaaqudgha
Makhleb
Nemelex Xobeh
Okawaru
Qazlal
Ru
Sif Muna
Trog
Vehumet
Yredelemnul
Zin
The Shining One

Annotations:
D:5 Duffy's ghost, experienced OgWr
D:10 exclusions: ice statue and orange crystal statue
Orc:1 Gastronok


Innate Abilities, Weirdness & Mutations

You are small and have problems with some larger weapons.
You are somewhat resistant to further mutation.


Message History

The spray of energy hits Gastronok.
Gastronok is lightly wounded.
The spray of energy hits the orc.
You kill the orc!
Dithmenos accepts your kill. The orc closely misses you.
You hit Gastronok.
Gastronok is lightly wounded.
The rat closely misses you.
Gastronok gurgles, "I'll eat you, I will!"
Gastronok looks at you while chanting.
You feel yourself slow down.
You hit Gastronok but do no damage.
Gastronok is lightly wounded.
The orc misses you. The rat barely misses you.
You hit Gastronok.
Gastronok is lightly wounded.
The orc hits you with a flail! The rat completely misses you.
Gastronok bites you!!
You die...

.##....##.#..#.......##
.......#..............#
......................##
.......................#
..#...................##
................#.##.##
......#.#..#.#.#######
....<>.####..(#w##
......[..#.....r@#
...............o##
.......)†#......##
..†.......#......#
...........#.....oo.#
.##.#.............o..#
##......##...........#
#...#.#.##........o...#
##.###...##...##.##..##


You could see Gastronok, an orc and a rat.

Vanquished Creatures
  Erica (D:9)
  Nergalle (D:10)
  A hill giant (D:10)
  An elephant (D:10)
  Joseph (D:9)
  The ghost of Uberwunderbarhen the Magician, an experienced DEFE of Vehumet (D:8)
  A queen bee (D:8)
  2 blink frogs (Lair:1)
  2 wyverns
  A steam dragon (D:11)
  6 yaks (D:10)
  A warg (D:10)
  2 water moccasins
  2 orc warriors
  A porcupine (Lair:1)
  A necrophage (D:9)
  An eye of draining (D:10)
  3 ice beasts
  5 centaurs
  A crocodile (D:10)
  6 ogres
  3 phantoms
  A big kobold (D:8)
  6 giant frogs
  22 killer bees
  A water moccasin zombie (D:6)
  4 crimson imps
  A centaur zombie (D:11)
  A quasit (D:8)
  Crazy Yiuf (D:7)
  A giant frog zombie (D:5)
  A hound (D:10)
  4 jellies
  8 orc wizards
  3 orc priests
  10 worker ants
  5 iguanas
  A sheep (D:10)
  A hound skeleton (D:10)
  6 gnolls
  7 adders
  4 shadow imps
  An ooze (D:7)
  An adder zombie (D:6)
  4 worms
  4 giant geckos
  44 orcs
  4 giant cockroaches
  6 goblins
  4 hobgoblins
  9 jackals
  10 kobolds
  4 quokkas
  4 ball pythons
  5 bats
  2 giant newts
  A goblin zombie (D:6)
  A jackal zombie (Ossuary)
  A quokka zombie (D:6)
  6 rats
243 creatures vanquished.

Vanquished Creatures (others)
  3 fungi
3 creatures vanquished.

Grand Total: 246 creatures vanquished

Notes
Turn   | Place    | Note
--------------------------------------------------------------
     0 | D:1      | Ijustatesigmund the Halfling Enchanter began the quest for the Orb.
     0 | D:1      | Reached XP level 1. HP: 11/11 MP: 3/3
   862 | D:1      | Reached XP level 2. HP: 17/17 MP: 2/4
   866 | D:1      | Learned a level 2 spell: Ensorcelled Hibernation
  1539 | D:2      | Reached XP level 3. HP: 21/21 MP: 5/5
  1554 | D:2      | Reached skill level 1 in Ice Magic
  2207 | D:3      | Reached skill level 4 in Stealth
  2207 | D:3      | Reached XP level 4. HP: 27/27 MP: 1/6
  2215 | D:3      | Learned a level 3 spell: Dazzling Spray
  2305 | D:3      | Found a shattered altar of Ashenzari.
  2314 | D:3      | Found a basalt altar of Yredelemnul.
  2317 | D:3      | Found a snail-covered altar of Cheibriados.
  2366 | D:3      | Found a stormy altar of Qazlal.
  2385 | D:3      | Reached XP level 5. HP: 27/31 MP: 3/8
  2757 | D:4      | Noticed an ogre
  2763 | D:4      | Killed an ogre
  2763 | D:4      | Reached XP level 6. HP: 36/36 MP: 6/9
  2793 | D:4      | Noticed a phantom
  2807 | D:5      | Entered Level 5 of the Dungeon
  2945 | D:5      | Reached skill level 1 in Throwing
  3022 | D:5      | Reached skill level 1 in Conjurations
  3352 | D:4      | Reached XP level 7. HP: 41/41 MP: 1/10
  4175 | D:5      | Reached skill level 5 in Stealth
  4910 | D:5      | Noticed Duffy's ghost (experienced OgWr)
  4956 | D:4      | Noticed an ogre
  4965 | D:4      | Killed an ogre
  4965 | D:4      | Reached skill level 1 in Shields
  5055 | D:4      | Killed a phantom
  5055 | D:4      | Reached XP level 8. HP: 41/46 MP: 8/12
  5375 | D:6      | Found a sand-covered staircase.
  5507 | Ossuary  | Entered an ossuary
  5767 | D:6      | Found a staircase to the Ecumenical Temple.
  5778 | Temple   | Entered the Ecumenical Temple
  7106 | D:7      | Reached skill level 1 in Slings
  7285 | D:7      | Noticed Crazy Yiuf
  7294 | D:7      | Killed Crazy Yiuf
  7559 | D:6      | Reached XP level 9. HP: 51/51 MP: 9/14
  8023 | D:8      | Reached skill level 5 in Dodging
  8023 | D:8      | Reached skill level 6 in Stealth
  8487 | D:9      | Noticed Erica
  8494 | D:9      | Reached skill level 5 in Shields
  8822 | D:9      | Reached skill level 5 in Slings
  8841 | D:9      | Found a glowing golden altar of the Shining One.
  8844 | D:9      | Found a shadowy altar of Dithmenos.
  8852 | D:9      | Became a worshipper of Dithmenos the Shadowed
  8971 | D:9      | Noticed Joseph
  8986 | D:10     | Entered Level 10 of the Dungeon
  8989 | D:10     | Reached skill level 7 in Stealth
  9029 | D:9      | Killed Joseph
  9298 | D:9      | Reached XP level 10. HP: 56/56 MP: 13/15
  9566 | D:9      | Reached skill level 8 in Stealth
  9777 | D:8      | Noticed Uberwunderbarhen's ghost (experienced DEFE)
 10015 | D:8      | Reached skill level 5 in Invocations
 10057 | D:8      | Noticed a queen bee
 10234 | D:8      | Killed a queen bee
 10248 | D:8      | Got an uncursed scorched flail {elec}
 10626 | D:9      | Killed Erica
 10674 | D:10     | Noticed an orange crystal statue
 10849 | D:8      | Reached skill level 1 in Fighting
 11424 | D:8      | Killed Uberwunderbarhen's ghost
 11424 | D:8      | Reached XP level 11. HP: 64/64 MP: 16/16
 11639 | D:10     | Noticed Nergalle
 11662 | D:10     | Found a staircase to the Lair.
 11662 | D:10     | Noticed an elephant
 11665 | D:10     | Killed Nergalle
 11668 | D:10     | Acquired Dithmenos's first power
 11804 | D:10     | Noticed a hill giant
 11941 | D:10     | Killed an elephant
 12033 | Lair:1   | Entered Level 1 of the Lair of Beasts
 12126 | Lair:1   | Identified the +9 flail of Yrur {elec, rPois Str-5 Dex+2} (You took it off a centaur on level 8 of the Dungeon)
 12499 | D:10     | Killed a hill giant
 12837 | D:10     | Noticed an ice statue
 12868 | D:10     | Found a staircase to the Orcish Mines.
 13220 | D:11     | Noticed a hill giant
 13722 | D:11     | Reached skill level 1 in Evocations
 14184 | Orc:1    | Entered Level 1 of the Orcish Mines
 14442 | Orc:1    | Acquired Dithmenos's second power
 14542 | Orc:1    | Noticed Gastronok
 14594 | Orc:1    | Slain by Gastronok

Vault maps used:
D:1:      minmay_arrival_jagged, roderic_nine_men_s_morris
D:3:      lemuel_doored_altar, grunt_temple_overflow_open
D:4:      first_bread
D:5:      kennysheep_doodads, minmay_misc_feat_encased,
          kennysheep_generic_room_15
D:6:      minmay_temple_entry_statues_fountains, enter_ossuary_4
D:7:      nicolae_overflow_hidden_temple, uniq_crazy_yiuf_cottage
D:8:      david_nohive_1
D:9:      minitemple, kennysheep_donut, uniq_erica, uniq_joseph
D:10:     minmay_separated_statues, david_lair_generic, orc_0_dummy,
          uniq_nergalle
D:11:     hangedman_glass_teeth, amalloy_card_club
Temple:   minmay_temple_forest_path_12
Lair:1:   nicolae_quartered_pool_little, infiniplex_staircase_pool_2
Orc:1:    lightli_orcish_oven, uniq_gastronok, uniq_erolcha
Ossuary:  ossuary_minmay_tomb_2a

Action                   |  1- 3 |  4- 6 |  7- 9 | 10-12 || total
-------------------------+-------+-------+-------+-------++-------
Melee: Dagger            |    81 |    49 |   406 |   385 ||   921
       Hunting sling     |       |       |     1 |     1 ||     2
 Fire: Hunting sling     |       |       |    81 |    68 ||   149
Throw: Tomahawk          |       |    32 |    38 |    27 ||    97
       Stone             |       |       |       |     1 ||     1
 Cast: Corona            |    15 |     5 |    34 |     8 ||    62
       Ensorcelled Hiber |     5 |    19 |    46 |   141 ||   211
       Dazzling Spray    |       |       |       |    21 ||    21
 Abil: Evoke Berserk Rag |       |       |     1 |     2 ||     3
Evoke: Wand              |       |       |       |    11 ||    11
  Use: Scroll            |     6 |     4 |    10 |     6 ||    26
       Potion            |       |       |     5 |     5 ||    10
 Stab: Sleeping          |    12 |    17 |    40 |    72 ||   141
       Invisible         |       |       |       |     7 ||     7
  Eat: Chunk             |     5 |     4 |    11 |    15 ||    35
       Beef jerky        |       |       |     2 |       ||     2
       Pizza             |       |       |     2 |     1 ||     3
       Bread ration      |       |       |     1 |     1 ||     2
       Fruit             |       |       |     1 |     7 ||     8
       Royal jelly       |       |       |     1 |     1 ||     2
